 Dungeon Crawl Stone Soup version 0.28-a0-987-g8383568036 (webtiles) character file.

Game seed: 1918799975703248256

1279 AarnesTheHuman the Gusty (level 8, -14/67 HPs)
             Began as a Yellow Draconian Air Elementalist on Dec 4, 2021.
             Was an Initiate of Yredelemnul.
             Demolished by an ogre (27 damage)
             ... on level 5 of the Dungeon.
             The game lasted 00:18:44 (6910 turns).

AarnesTheHuman the Gusty (DrAE)                     Turns: 6910, Time: 00:18:45

Health: -14/67     AC:  8    Str: 10    XL:     8   Next: 29%
Magic:  10/14      EV: 27    Int: 19    God:    Yredelemnul [......]
Gold:   270        SH:  0    Dex: 17    Spells: 5/15 levels left

rFire   . . .      SeeInvis .   b - +1 whip (elec)
rCold   . . .      Faith    .   (no shield)
rNeg    . . .      Spirit   .   (armour unavailable)
rPois   .          Reflect  .   (helmet restricted)
rElec   .          Harm     .   (no cloak)
rCorr   +          Rampage  .   p - +1 pair of gloves
Will    .....                   (no boots)
Stlth   ++........              m - amulet of the acrobat
HPRegen 0.21/turn               i - +6 ring of dexterity
MPRegen 0.14/turn               (no ring)

@: acrobatic
A: spit acid, AC +6, unfitting armour, cold-blooded, acid resistance
a: Breathe Acid, Renounce Religion


You were on level 5 of the Dungeon.
You worshipped Yredelemnul.
Yredelemnul was noncommittal.
You visited 2 branches of the dungeon, and saw 6 of its levels.
You also visited: Sewer.

You collected 270 gold pieces.

Inventory:

Hand Weapons
 a - a +2 vorpal war axe
 b - a +1 whip of electrocution (weapon)
 e - a +4 mace
 q - a +0 whip
Missiles
 j - 193 stones
 n - 51 sling bullets
 r - 13 poisoned darts
Armour
 p - a +1 pair of gloves (worn)
Jewellery
 i - a +6 ring of dexterity (left hand)
 m - an amulet of the acrobat (around neck)
Wands
 h - a wand of flame (30)
 o - a wand of paralysis (11)
Scrolls
 s - a scroll of amnesia
Potions
 c - 2 potions of attraction {unknown}
 d - a potion of curing
 f - a potion of mutation {unknown}
 g - a potion of haste {unknown}
 k - 2 potions of lignification {unknown}
 l - a potion of flight {unknown}


   Skills:
 + Level 4.4 Fighting
 - Level 1.7 Dodging
 - Level 1.7 Stealth
 + Level 4.3 Spellcasting
 + Level 4.2 Conjurations
 * Level 6.7 Air Magic
 + Level 3.0 Invocations


You had 5 spell levels left.
You knew the following spells:

 Your Spells              Type           Power      Damage    Failure   Level
a - Shock                 Conj/Air       100%       1d9       1%          1
b - Static Discharge      Conj/Air       25%        N/A       1%          2
c - Swiftness             Air            29%        N/A       2%          3
d - Airstrike             Air            14%        N/A       9%          4

Your spell library contained the following spells:

 Spells                   Type           Power      Damage    Failure   Level
 Sandblast                Erth           8%         2d5       13%         1
 Stone Arrow              Conj/Erth      24%        3d8       17%         3
 Ensorcelled Hibernation  Hex/Ice        8%         N/A       21%         2
 Passwall                 Tmut/Erth      3%         N/A       21%         2
 Spider Form              Tmut/Pois      4%         N/A       36%         3


Dungeon Overview and Level Annotations

Branches:
Dungeon (5/15)             Temple (1/1) D:4           Sewer (visited)

Altars:
Ashenzari
Cheibriados
Dithmenos
Elyvilon
Fedhas
Gozag
Hepliaklqana
Kikubaaqudgha
Makhleb
Nemelex Xobeh
Okawaru
Qazlal
Ru
Sif Muna
Trog
Uskayaw
Vehumet
Wu Jian
Yredelemnul
Zin
The Shining One

Shops:
D:2 *

Annotations:
D:3 Sigmund
D:5 3 runed translucent doors, paps's ghost, weakling OpDe


Innate Abilities, Weirdness & Mutations

You can spit globs of acid.
Your golden yellow scales are hard. (AC +6)
You cannot fit into any form of body armour.
You are cold-blooded and may be slowed by cold attacks.
You are resistant to acid. (rCorr)


Message History

Casting: Shock (safe; 1% risk of failure)
Confirm with . or Enter, or press ? or * to list all spells.
Aiming: Shock (safe; 1% risk of failure)
Press: ? - help, Shift-Dir - straight line, f - ogre
Aim: an ogre, wielding a +0 giant spiked club (88% to hit)
The zap hits the ogre.
The ogre is lightly wounded.
Casting: Shock (safe; 1% risk of failure)
Confirm with . or Enter, or press ? or * to list all spells.
Aiming: Shock (safe; 1% risk of failure)
Press: ? - help, Shift-Dir - straight line, f/p - ogre
Aim: an ogre, wielding a +0 giant spiked club (lightly wounded, 88% to hit)
The zap hits the ogre.
The ogre is lightly wounded.
Casting: Shock (safe; 1% risk of failure)
Confirm with . or Enter, or press ? or * to list all spells.
The ogre is struck by an arc of lightning!
The ogre is heavily wounded.
You are struck by an arc of lightning.
The ogre is struck by an arc of lightning.
The ogre is heavily wounded.
The lightning grounds out.
The ogre hits you with a +0 giant spiked club!!
Casting: Static Discharge (safe; 1% risk of failure)
Confirm with . or Enter, or press ? or * to list all spells.
Aiming: Shock (safe; 1% risk of failure)
Press: ? - help, Shift-Dir - straight line, p - ogre The zap hits the ogre!
The ogre is almost dead.
The ogre hits you with a +0 giant spiked club!!
* * * LOW HITPOINT WARNING * * *
Casting: Shock (safe; 1% risk of failure)
Confirm with . or Enter, or press ? or * to list all spells.
Aiming: Shock (safe; 1% risk of failure)
Press: ? - help, Shift-Dir - straight line, f - ogre
Aim: an ogre, wielding a +0 giant spiked club (almost dead, 88% to hit)
The zap misses the ogre.
The ogre hits you with a +0 giant spiked club!!
You die...
Your body rises from the dead as a mindless zombie.

#.....# #.......#
#.....# #.......#######
#.....# ####.....#.....#
#.....# #........'.....#
......# #.#....###.....#
......# #....#.# #.....#
......###..###.###.....#
.#.............##......#
.##.#######....O@......#
....# #..#.........#####
#######..#.........#
.........#.........####
...#####.#.###........#
. ...#####.#.#
#........# .
...+.......# #.....>..#
.
...####....###........#
# ...
###......'........# #


You could see an ogre.

Vanquished Creatures
  Pikel (D:4)
  Edmund (D:5)
  An ice beast (D:5)
  An ogre (D:4)
  A kobold brigand (Sewer)
  A water moccasin skeleton (D:5)
  4 wights
  A bullfrog skeleton (D:5)
  An iguana (D:4)
  Jessica (D:3)
  An orc wizard (D:4)
  9 adders
  2 howler monkey skeletons
  2 worms (D:2)
  2 dart slugs
  4 orcs (D:4)
  A bat (D:3)
  4 endoplasms
  4 giant cockroaches
  A goblin (D:4)
  9 hobgoblins
  A jackal (Sewer)
  5 quokkas
  9 ball pythons
  3 frilled lizards
  8 kobolds
  5 rats
83 creatures vanquished.

Notes
Turn   | Place    | Note
-------+----------+-------------------------------------------
     0 | D:1      | AarnesTheHuman the Draconian Air Elementalist began the
                  | quest for the Orb.
     0 | D:1      | Reached XP level 1. HP: 14/14 MP: 3/3
   696 | D:1      | Reached XP level 2. HP: 18/22 MP: 0/5
  1207 | D:2      | Reached skill level 1 in Fighting
  1259 | D:2      | Found Fuihioc's General Store.
  1386 | D:2      | Reached XP level 3. HP: 27/28 MP: 1/6
  1805 | D:2      | Found a faded altar of an unknown god.
  1821 | D:2      | Reached XP level 4. HP: 32/35 MP: 0/7
  2202 | D:2      | Reached skill level 4 in Air Magic
  2569 | D:3      | Noticed Jessica
  2575 | D:3      | Killed Jessica
  2761 | D:3      | Learned a level 2 spell: Static Discharge
  2987 | D:3      | Reached XP level 5. HP: 38/41 MP: 4/9
  3083 | D:3      | Noticed Sigmund
  4260 | D:4      | Noticed an ogre
  4597 | D:4      | Found a staircase to the Ecumenical Temple.
  4608 | D:4      | Killed an ogre
  4609 | D:4      | Reached XP level 6. HP: 50/50 MP: 2/10
  4676 | D:3      | Reached skill level 5 in Air Magic
  5105 | Temple   | Entered the Ecumenical Temple
  5191 | Temple   | Became a worshipper of Yredelemnul the Dark
  5196 | Temple   | Learned a level 3 spell: Swiftness
  5292 | D:4      | Found the +10 tower shield of Ignorance {rN+ Int-4}
  5303 | D:4      | Noticed Pikel
  5334 | D:4      | Killed Pikel
  5335 | D:4      | Reached skill level 6 in Air Magic
  5335 | D:4      | Your scales start taking on a golden yellow colour.
  5335 | D:4      | Reached XP level 7. HP: 4/58 MP: 1/12
  5335 | D:4      | Gained mutation: You are resistant to acid. (rCorr) [Yellow
                  | Draconian growth]
  6069 | D:5      | Entered Level 5 of the Dungeon
  6140 | D:5      | Reached XP level 8. HP: 61/66 MP: 6/14
  6149 | D:5      | Found a runed translucent gate.
  6150 | D:5      | Found a runed translucent gate.
  6150 | D:5      | Found a runed translucent gate.
  6169 | D:5      | Noticed paps's ghost (weakling OpDe)
  6185 | D:5      | Noticed Edmund
  6201 | D:5      | Killed Edmund
  6367 | D:5      | Found a glowing drain.
  6388 | Sewer    | Entered a sewer
  6751 | D:4      | Learned a level 4 spell: Airstrike
  6910 | D:5      | Demolished by an ogre

Illustrated notes

Levels and vault maps discovered:
D:1:      lemuel_arrival_cross, layout_basic
D:2:      layout_basic, nicolae_ecumenical_snake_handling, serial_shops,
          nicolae_shop_crystal, minmay_misc_feat_rugged, glass_columns_a
D:3:      layout_basic, uniq_jessica, uniq_sigmund
D:4:      layout_basic, minmay_temple_entry_wispy, minmay_misc_feat_square,
          uniq_pikel
D:5:      layout_basic, gup_sewer_entry_bowl, gammafunk_ghost_icy, uniq_edmund,
          uniq_prince_ribbit1
Temple:   compressed_dpeg_circular_temple

Skill      XL: |  1  2  3  4  5  6  7  8 |
---------------+-------------------------+-----
Fighting       | 1 2 3 4 |  4.4
Conjurations   | 2 3 4 |  4.2
Air Magic      | 4 6 |  6.7
Spellcasting   | 3 4 |  4.3
Invocations    | 2 3 |  3.0
Dodging        | |  1.7
Stealth        | |  1.7

Action                   |  1- 3 |  4- 6 |  7- 9 || total
-------------------------+-------+-------+-------++-------
Melee: Whip              |    35 |    25 |    18 ||    78
       Tailslap          |     2 |     5 |     5 ||    12
       War axe           |       |     3 |     1 ||     4
 Cast: Shock             |    69 |   110 |    47 ||   226
       Static Discharge  |       |     6 |     4 ||    10
 Abil: Breathe Acid      |       |       |     2 ||     2
Evoke: Wand              |       |     1 |       ||     1
  Use: Scroll            |       |     4 |     2 ||     6
       Potion            |       |     1 |       ||     1
Armor: Skin              |    14 |    12 |     7 ||    33
Dodge: Dodged            |    34 |    33 |    17 ||    84

Table legend: (Time is in decaauts)
 A = Elapsed time spent in this place.
 B = Non-inter-level travel time spent in this place.
 C = Inter-level travel time spent in this place.
 D = Time resting spent in this place.
 E = Time spent auto-exploring this place.
 F = Levels seen in this place.
 G = Mean time per level.
                   A        B        C        D        E       F      G
               +--------+--------+--------+--------+--------+-----+--------+
         Total |   6948 |   6609 |    339 |   1869 |   3638 |   7 |  992.6 |
       Dungeon |   6559 |   6254 |    305 |   1710 |   3583 |   5 | 1311.8 |
        Temple |    112 |     78 |     34 |      0 |     55 |   1 |  112.0 |
         Sewer |    276 |    276 |      0 |    159 |      0 |   1 |  276.0 |
               +--------+--------+--------+--------+--------+-----+--------+

Top non-repeatable levels by time:
     D:3: 1972 daAuts
     D:4: 1528 daAuts
     D:2: 1335 daAuts
     D:1: 1176 daAuts
     D:5: 546 daAuts
   Sewer: 276 daAuts
  Temple: 112 daAuts
